 Dungeon Crawl Stone Soup version 0.28-a0-401-ge240ad9e29 (webtiles) character file.

Game seed: 5114382821045380780

46 heikuro the Skirmisher (level 3, 0/30 HPs)
             Began as a Formicid Abyssal Knight on Sept 4, 2021.
             Was a Follower of Lugonu.
             Slain by a gnoll (8 damage)
             ... on level 2 of the Dungeon on Sept 5, 2021.
             The game lasted 00:03:02 (1810 turns).

heikuro the Skirmisher (Formicid Abyssal Knight)    Turns: 1810, Time: 00:03:02

Health: 0/30       AC:  3    Str: 17    XL:     3   Next: 95%
Magic:  5/5        EV: 11    Int: 11    God:    Lugonu [*.....]
Gold:   102        SH:  0    Dex: 10    Spells: 2/2 levels left

rFire   . . .      SeeInvis +   a - +1 falchion
rCold   . . .      Faith    .   (no shield)
rNeg    . . .      Spirit   .   b - +0 leather armour
rPois   .          Reflect  .   (helmet unavailable)
rElec   .          Harm     .   (no cloak)
rCorr   .          Rampage  .   (no gloves)
Will    .....                   (no boots)
Stlth   +.........              (no amulet)
HPRegen 0.10/turn               (no ring)
MPRegen 0.09/turn               (no ring)

@: no status effects
A: permanent stasis, dig shafts and tunnels, antennae 3, four strong arms
a: Dig, Shaft Self, Renounce Religion, Depart the Abyss


You were on level 2 of the Dungeon.
You worshipped Lugonu.
Lugonu was aware of your devotion.
You visited 1 branch of the dungeon, and saw 2 of its levels.
You visited the Abyss 1 time.

You collected 102 gold pieces.

Inventory:

Hand Weapons
 a - a +1 falchion (weapon)
Missiles
 e - 14 poisoned darts (quivered)
 i - a throwing net
 l - 8 curare-tipped darts
Armour
 b - a +0 leather armour (worn)
Scrolls
 c - 2 scrolls of teleportation {unknown}
 f - 3 scrolls of identify {unknown}
Potions
 d - a potion of attraction {unknown}
 g - a potion of resistance {unknown}
 h - a potion of flight {unknown}
 j - a potion of curing {unknown}
 k - a potion of berserk rage {unknown}
 m - a potion of haste {unknown}


   Skills:
 + Level 3.7 Fighting
 * Level 2.8 Long Blades
 + Level 2.7 Armour
 - Level 1.0 Dodging
 + Level 2.8 Invocations


You had 2 spell levels left.
You didn't know any spells.
Your spell library was empty.

Dungeon Overview and Level Annotations

Branches:
Dungeon (2/15)

Altars:

Shops:
D:2 (


Innate Abilities, Weirdness & Mutations

You cannot be hasted, slowed, berserked, paralysed or teleported.
You can dig through walls and to a lower floor.
You have a pair of large antennae on your head. (SInv)
Your four strong arms can wield two-handed weapons with a shield.


Message History

HP restored.
There is an entrance to Hiacis's Antique Weapon Emporium here.
Save game and exit?
Welcome back, heikuro the Formicid Abyssal Knight.
Lugonu says: Spread carnage and corruption!
Press ? for a list of commands and other information.
A dart slug comes into view.
The dart slug bites you but does no damage.
You slash the dart slug!
You kill the dart slug!
Lugonu accepts your kill.
No target in view!
No target in view!
You see here a dart slug corpse.
You see here a dart slug corpse.
Found a leather armour.
The hobgoblin shouts!
The gnoll shouts!
You hear a shout! x2
You hit the hobgoblin but do no damage. The hobgoblin barely misses you.
You hit the hobgoblin but do no damage. The hobgoblin misses you.
The hobgoblin misses you.
There are monsters nearby!
There are monsters nearby!
The gnoll barely misses you.
The gnoll shouts!
You see here a +0 dagger.
You barely miss the gnoll. The gnoll misses you. The gnoll barely misses you.
You barely miss the gnoll. The gnoll barely misses you.
You closely miss the gnoll. The gnoll misses you.
You hit the gnoll but do no damage. The gnoll hits you with a +0 flail!
You barely miss the gnoll. The gnoll misses you.
You closely miss the gnoll. The gnoll closely misses you.
You barely miss the gnoll. The gnoll closely misses you.
You hit the gnoll.
The gnoll is moderately wounded.
The gnoll hits you with a +0 flail! x2
* * * LOW HITPOINT WARNING * * *
There is a stone staircase leading up here.
The gnoll hits you with a +0 flail!
You die...

.# #...#...... # #.
.##...#..#.## #.#.
......#...... .#.##
#........## ...#
#......### ... #####.##
#.# ##.## #.### #...#
#@g.# #...# ###g# #...#
#.# #####...####
###{###........... .
##..g.............. ..#
##..#.##............
....#.#...##.####...####
..?g.....###.# #...# #
8.....8..# #.# #...# #


You could see a gnoll and a hobgoblin.

Vanquished Creatures
  2 dart slugs
  2 ball pythons
  2 bats (D:2)
  7 endoplasms
  A giant cockroach (D:2)
  7 goblins
  5 hobgoblins
  2 jackals (D:2)
  2 kobolds (D:1)
  A quokka (D:2)
  2 frilled lizards (D:2)
  A rat (D:2)
34 creatures vanquished.

Vanquished Creatures (others)
  9 demonic plants (D:2)
  2 fungi (D:2)
  A withered plant (D:2)
12 creatures vanquished.

Grand Total: 46 creatures vanquished

Notes
Turn   | Place    | Note
-------+----------+-------------------------------------------
     0 | Abyss:1  | heikuro the Formicid Abyssal Knight began the quest for the
                  | Orb.
     0 | Abyss:1  | Reached XP level 1. HP: 18/18 MP: 2/2
    40 | Abyss:1  | Noticed a sixfirhy
    42 | D:1      | Escaped the Abyss
   135 | D:1      | Reached skill level 1 in Dodging
   231 | D:1      | Reached XP level 2. HP: 17/24 MP: 3/3
   400 | D:1      | Reached * piety under Lugonu
   581 | D:1      | Reached XP level 3. HP: 24/29 MP: 4/4
   959 | D:2      | Found a faded altar of an unknown god.
  1458 | D:2      | Found Hiacis's Antique Weapon Emporium.
  1810 | D:2      | Slain by a gnoll

Illustrated notes

Levels and vault maps discovered:
D:1:      eino_arrival_druids_welcome, layout_rooms, minmay_statues_item
D:2:      layout_loops_cross, shapermc_ecumenical_altar_gd, serial_shops, shop,
          st_stairs_1

Skill      XL: |  1 |
---------------+----+-----
Dodging        | 1 |  1.0
Fighting       | |  3.7
Long Blades    | |  2.8
Armour         | |  2.7
Invocations    | |  2.8

Action                   || total
-------------------------++-------
Melee: Falchion          ||   116
Invok: Depart the Abyss  ||     1
 Abil: Dig               ||     1
Armor: Leather armour    ||    34
Dodge: Dodged            ||    76

Table legend: (Time is in decaauts)
 A = Elapsed time spent in this place.
 B = Non-inter-level travel time spent in this place.
 C = Inter-level travel time spent in this place.
 D = Time resting spent in this place.
 E = Time spent auto-exploring this place.
 F = Levels seen in this place.
 G = Mean time per level.
                   A        B        C        D        E       F      G
               +--------+--------+--------+--------+--------+-----+--------+
         Total |   1831 |   1802 |     29 |    580 |    732 |   3 |  610.3 |
       Dungeon |   1789 |   1760 |     29 |    580 |    693 |   2 |  894.5 |
         Abyss |     42 |     42 |      0 |      0 |     39 |   1 |   42.0 |
               +--------+--------+--------+--------+--------+-----+--------+

Top non-repeatable levels by time:
     D:2: 900 daAuts
     D:1: 888 daAuts
 Abyss:1: 42 daAuts
